AoeStats
← Launger

Nomad

510111106Analyzed
4v4 RM · 4d ago on Sep 29, 2026· 41m 29s· 8 players
Game mode
Random Map
Map size
231×231
Population
200
Speed
Normal
Resources
Standard
Victory
Conquest
Starting age
Dark Age
Ending age
Imperial Age
RankedLock teamsTeams togetherTeam positionsShared explorationLock speedFull tech treeHidden civsTurbo modeCheats
Victory
Defeat
🇲🇽 Danes · Mexico
1238
+15
🇳🇱 Burgundians · Netherlands
1227
+15
🇳🇱 Koreans · Netherlands
1199
+16
🇵🇱 Persians · Poland
1197
+17
🇨🇳 Danes · China
1269
-18
🇹🇼 Celts · Taiwan
1209
-16
🇹🇼 Persians · Taiwan
1191
-15
🇯🇵 Chinese · Japan
1171
-14
板橋伐木工
3:17 Loom
15:16 Feudal Age
18:35 Castle Age
17:51 Stone Mining
cupubangetz
3:26 Loom
14:36 Feudal Age
15:18 Double-Bit Axe
17:06 Fishing Lines
19:36 Castle Age
20:44 Bow Saw
21:34 Gillnets
23:20 Wheelbarrow
23:15 Stone Mining
23:15 Gold Mining
23:45 Horse Collar
24:41 Stone Shaft Mining
24:46 Medium Warships
25:19 Gold Shaft Mining
25:43 Fletching
26:33 Ballistics
26:39 Hand Cart
27:29 Murder Holes
28:08 Coinage
28:37 Bodkin Arrow
29:16 Heavy Plow
29:40 Padded Archer Armor
29:50 Forging
29:40 Scale Mail Armor
30:33 Fortified Wall
30:34 Masonry
31:32 Caravan
35:01 Imperial Age
32:17 Town Watch
33:52 Squires
33:12 Pikeman
35:09 Great Wall
36:47 Conscription
36:47 Bracer
37:03 Chain Mail Armor
37:23 Iron Casting
36:33 Halberdier
37:31 Elite Chu Ko Nu
39:21 Plate Mail Armor
39:59 Rocketry
40:24 Architecture
41:07 Blast Furnace
OAO
16:25 Feudal Age
14:42 Loom
18:19 Scale Barding Armor
18:19 Fletching
20:24 Double-Bit Axe
23:37 Castle Age
31:06 Bow Saw
30:52 Gold Mining
31:40 Husbandry
32:47 Forging
35:15 Bloodlines
仙逆许木
derschulerin
3:05 Loom
13:56 Feudal Age
14:56 Man-at-Arms
16:26 Arson
19:16 Wheelbarrow
20:43 Fishing Lines
21:56 Double-Bit Axe
24:37 Forging
25:11 Fletching
26:28 Horse Collar
29:37 Castle Age
27:44 Gold Mining
28:03 Stone Mining
30:43 Bodkin Arrow
30:52 Scale Mail Armor
31:10 Bow Saw
31:57 Gold Shaft Mining
31:41 Gambesons
32:24 Hand Cart
32:59 Stone Shaft Mining
33:14 Iron Casting
35:19 Chain Mail Armor
35:35 Squires
36:06 Padded Archer Armor
36:09 Gillnets
37:05 Town Watch
37:49 Medium Warships
40:07 Scale Barding Armor
42:42 Imperial Age
41:38 Ballistics
Launger
10:49 Loom
13:59 Feudal Age
15:45 Fishing Lines
19:12 Castle Age
17:11 Double-Bit Axe
20:13 Bow Saw
20:20 Arson
22:34 Husbandry
22:44 Bloodlines
22:26 Fletching
22:37 Padded Archer Armor
22:46 Scale Barding Armor
22:51 Forging
22:32 Fletching
23:22 Bloodlines
23:25 Gold Mining
27:32 Bodkin Arrow
28:44 Chain Barding Armor
29:09 Gillnets
32:10 Man-at-Arms
32:35 Gambesons
33:14 Stone Mining
40:02 Wheelbarrow
40:52 Hand Cart
WesZ
5:24 Loom
10:23 Double-Bit Axe
14:07 Feudal Age
18:25 Castle Age
16:44 Bow Saw
16:42 Horse Collar
17:34 Fishing Lines
20:17 Wheelbarrow
21:15 Two-Man Saw
23:10 Gold Mining
25:15 Heavy Plow
25:14 Stone Mining
26:43 Hand Cart
26:53 Forging
26:48 Scale Barding Armor
28:34 Husbandry
28:00 Cavalier
29:02 Scale Barding Armor
29:33 Iron Casting
30:20 Gold Shaft Mining
33:45 Imperial Age
31:56 Chain Barding Armor
32:51 Coinage
33:33 Stone Shaft Mining
33:32 Crop Rotation
33:47 Paladin
36:51 Plate Barding Armor
37:17 Blast Furnace
38:34 Chemistry
39:04 Padded Archer Armor
39:26 Fletching
tobiasblom1997
12:05 Loom
13:57 Feudal Age
19:20 Castle Age
18:12 Double-Bit Axe
20:28 Fletching
21:03 Horse Collar
25:22 Wheelbarrow
25:52 Crossbowman
26:59 Gold Mining
29:40 Bodkin Arrow
31:21 Ballistics
31:46 Thumb Ring
37:19 Imperial Age
35:29 Hand Cart
35:22 Stone Mining
36:08 Gold Shaft Mining
35:21 Town Watch
36:51 Scale Mail Armor
38:04 Bracer
39:06 Chemistry
37:57 Arbalester
40:50 Eupseong
Connection lost

Rejoining the realm…

Still unreachable

The connection could not be restored.

Session expired

The server has moved on; the page needs a fresh start.